 Dungeon Crawl Stone Soup version 0.20.1-1-g8b1a95d (webtiles) character file.

1820 KoningWillie the Carver (level 8, 0/71 HPs)
             Began as a Minotaur Fighter on Sept 24, 2017.
             Was a Follower of Trog.
             Slain by a two-headed ogre
             ... wielding a +0 giant club
              (16 damage)
             ... on level 8 of the Dungeon.
             The game lasted 00:12:55 (5915 turns).

KoningWillie the Carver (Minotaur Fighter)          Turns: 5915, Time: 00:12:56

Health: 0/71       AC:  9    Str: 24    XL:     8   Next: 85%
Magic:  7/7        EV:  7    Int:  5    God:    Trog [*.....]
Gold:   263        SH:  9    Dex:  9    Spells: 7/7 levels left

rFire    . . .     SeeInvis .   a - +0 long sword
rCold    . . .     Gourm    .   c - +0 shield
rNeg     . . .     Faith    .   b - +1 scale mail
rPois    .         Spirit   .   (helmet restricted)
rElec    .         Reflect  .   (no cloak)
rCorr    .         Harm     .   (no gloves)
MR       .....                  (no boots)
Stlth    ..........             (no amulet)
Regen    0.3/turn               (no ring)
MPRegen  0.1/turn               (no ring)

@: no status effects
A: retaliatory headbutt, horns 2
a: Berserk, Burn Spellbooks, Renounce Religion


You were on level 8 of the Dungeon.
You worshipped Trog.
Trog was aware of your devotion.
You were very full.

You visited 1 branch of the dungeon, and saw 8 of its levels.

You collected 263 gold pieces.

Inventory:

Hand Weapons
 a - a +0 long sword (weapon)
Armour
 b - a +1 scale mail (worn)
 c - a +0 shield (worn)
Wands
 i - a wand of flame (28/48)
 q - a wand of paralysis (18/24)
Scrolls
 e - a scroll of enchant armour
 j - 2 scrolls of remove curse
Potions
 d - a potion of might
 l - 2 potions of brilliance
 m - a potion of cancellation {unknown}
 o - 2 potions of flight
Comestibles
 f - 5 bread rations
 g - 2 meat rations
 h - 7 royal jellies
 k - a fruit


   Skills:
 + Level 6.8 Fighting
 + Level 9.4 Long Blades
 + Level 9.2 Armour
 - Level 3.7 Shields


You had 7 spell levels left.
You didn't know any spells.

Dungeon Overview and Level Annotations

Branches:
Dungeon (8/15)             Temple (0/1) D:7
   Lair: D:8-11

Altars:
Ashenzari
Makhleb
Trog
Uskayaw

Shops:
D:6 *

Annotations:
D:3 KoningWillie's ghost, amateur TrFi


Innate Abilities, Weirdness & Mutations

You reflexively headbutt those who attack you in melee.
You have a pair of horns on your head.


Message History

The bullfrog zombie hits you.
You hit the bullfrog zombie. You headbutt the bullfrog zombie.
The bullfrog zombie is severely damaged.
The bullfrog zombie hits you. You block the two-headed ogre's attack.
The two-headed ogre hits you but does no damage.
The bullfrog zombie closely misses you.
You riposte.
You slash the bullfrog zombie!
You destroy the bullfrog zombie!
Trog accepts your kill.
You hit the two-headed ogre. You headbutt the two-headed ogre!
The two-headed ogre is moderately wounded.
You block the two-headed ogre's attack.
The two-headed ogre hits you with a giant club!
* * * LOW HITPOINT WARNING * * *
You slash the two-headed ogre!
The two-headed ogre is heavily wounded.
Your shield and scale mail prevent you from hitting the two-headed ogre.
The two-headed ogre is heavily wounded.
The two-headed ogre hits you with a giant club!
You die...

##
#...########
#.....<....#
##
#...######.#
#.## ##
#.##...####
#.O@......#
####...##.#
#.## .# #


You could see a two-headed ogre.

Vanquished Creatures
  4 hogs (D:7)
  A human (D:7)
  A phantom (D:7)
  A black bear (D:7)
  A centaur (D:7)
  3 bullfrogs (D:7)
  2 howler monkeys (D:7)
  A crimson imp (D:7)
  A quasit (D:7)
  A bullfrog zombie (D:8)
  2 hounds
  2 orc wizards (D:7)
  4 worker ants
  2 hound skeletons
  A worker ant zombie (D:7)
  7 gnolls
  6 adders
  3 shadow imps (D:7)
  2 oozes
  2 worms
  A dart slug (D:3)
  A leopard gecko (D:3)
  11 orcs
  A ball python (D:2)
  9 bats
  4 giant cockroaches
  11 hobgoblins
  5 jackals
  3 quokkas (D:4)
  8 frilled lizards
  7 goblins
  7 kobolds
  A leopard gecko skeleton (D:5)
  8 rats
124 creatures vanquished.

Notes
Turn   | Place    | Note
-------+----------+-------------------------------------------
     0 | D:1      | KoningWillie the Minotaur Fighter began the quest for the Orb.
     0 | D:1      | Reached XP level 1. HP: 19/19 MP: 0/0
   249 | D:1      | Reached XP level 2. HP: 23/27 MP: 1/1
   925 | D:2      | Reached XP level 3. HP: 33/33 MP: 2/2
  1212 | D:2      | Reached XP level 4. HP: 13/41 MP: 3/3
  1670 | D:2      | Found a burning altar of Makhleb.
  2079 | D:3      | Noticed KoningWillie's ghost (amateur TrFi)
  2139 | D:3      | Reached skill level 5 in Armour
  2162 | D:3      | Reached XP level 5. HP: 46/47 MP: 4/4
  2927 | D:5      | Entered Level 5 of the Dungeon
  3086 | D:5      | Noticed an ogre
  3332 | D:5      | Found a bloodstained altar of Trog.
  3341 | D:5      | Became a worshipper of Trog the Wrathful
  3353 | D:5      | Reached skill level 5 in Long Blades
  3438 | D:6      | Found Haesch's Assorted Antiques.
  3526 | D:6      | Noticed an ogre
  3556 | D:7      | Reached XP level 6. HP: 46/55 MP: 5/5
  3634 | D:7      | Reached skill level 5 in Fighting
  3681 | D:7      | Found a staircase to the Ecumenical Temple.
  4197 | D:7      | Reached XP level 7. HP: 10/61 MP: 6/6
  4199 | D:7      | HP: 3/61 [quasit (2)]
  4210 | D:8      | Noticed a two-headed ogre
  5045 | D:7      | Reached * piety under Trog
  5117 | D:7      | Found a shattered altar of Ashenzari.
  5147 | D:7      | Found a hide-covered altar of Uskayaw.
  5390 | D:7      | Reached XP level 8. HP: 55/70 MP: 7/7
  5915 | D:8      | Slain by a two-headed ogre

Skill      XL: |  1  2  3  4  5  6  7  8 |
---------------+-------------------------+-----
Fighting       | 4 5 6 |  6.8
Armour         | 4 5 6 8 9 |  9.2
Long Blades    | 3 4 5 6 7 9 |  9.4
Shields        | |  3.7

Action                   |  1- 3 |  4- 6 |  7- 9 || total
-------------------------+-------+-------+-------++-------
Melee: Long sword        |    85 |   172 |   126 ||   383
       Headbutt          |    19 |    27 |    21 ||    67
Invok: Burn Spellbooks   |       |       |     1 ||     1
  Use: Scroll            |       |     9 |     2 ||    11
       Potion            |       |     1 |     1 ||     2
  Eat: Bread ration      |     1 |     2 |     1 ||     4
       Meat ration       |       |       |     1 ||     1
Armor: Scale mail        |    46 |    94 |    77 ||   217
Dodge: Dodged            |    39 |    70 |    60 ||   169
Block: Shield            |    51 |   136 |    87 ||   274
       Rpst.: Long sword |    12 |    11 |    15 ||    38
